 Dungeon Crawl Stone Soup version 0.20.0-15-g7f486f2 (webtiles) character file.

172 NoAnimeNoLife the Cudgeler (level 5, -4/32 HPs)
             Began as a Gargoyle Fighter on June 18, 2017.
             Killed from afar by an orc wizard (10 damage)
             ... with a magic dart
             ... on level 3 of the Dungeon.
             The game lasted 00:01:52 (1429 turns).

NoAnimeNoLife the Cudgeler (Gargoyle Fighter)       Turns: 1429, Time: 00:01:52

Health: -4/32      AC: 10    Str: 19    XL:     5   Next: 52%
Magic:  5/5        EV:  7    Int:  9    God:
Gold:   159        SH:  9    Dex: 10    Spells: 4/4 levels left

rFire    . . .     SeeInvis .   a - +0 flail
rCold    . . .     Gourm    .   c - +0 shield
rNeg     + . .     Faith    .   b - +0 scale mail
rPois    ∞         Spirit   .   (no helmet)
rElec    +         Reflect  .   (no cloak)
rCorr    .         Harm     .   (no gloves)
MR       .....                  (no boots)
Stlth    ..........             (no amulet)
Regen    0.1/turn               (no ring)
MPRegen  0.1/turn               (no ring)

@: slowed, very slow
A: negative energy resistance 1, electricity resistance, unbreathing,
petrification resistance, rot immunity, AC +4
a: no special abilities


You were on level 3 of the Dungeon.
You were not hungry.

You visited 1 branch of the dungeon, and saw 3 of its levels.

You collected 159 gold pieces.

Inventory:

Hand Weapons
 a - a +0 flail (weapon)
Armour
 b - a +0 scale mail (worn)
 c - a +0 shield (worn)
Jewellery
 n - an uncursed ring of positive energy {unknown}
Scrolls
 e - 4 scrolls of identify {unknown}
 j - 3 scrolls of teleportation {unknown}
 k - a scroll of remove curse {unknown}
 l - a scroll of fog {unknown}
Potions
 d - a potion of might
 g - a potion of haste {unknown}
 h - 2 potions of heal wounds {unknown}
 o - 2 potions of ambrosia {unknown}
 p - a potion of flight {unknown}
 q - a potion of curing {unknown}
Comestibles
 f - 2 bread rations
 i - a royal jelly
 m - a meat ration
 r - 2 chunks of flesh


   Skills:
 - Level 3.2 Fighting
 + Level 5.5 Maces & Flails
 - Level 3.2 Armour
 - Level 3.2 Shields


You had 4 spell levels left.
You didn't know any spells.

Dungeon Overview and Level Annotations

Branches:
Dungeon (3/15)

Altars:


Innate Abilities, Weirdness & Mutations

You are resistant to torment.
Your stone body is resilient. (AC +4)
You are immune to poison.
You resist negative energy. (rN+)
You are resistant to electric shocks. (rElec)
You can survive without breathing.
You are immune to petrification.
You are immune to rotting.


Message History

You closely miss the orc.
The orc wizard gestures wildly while chanting.
The orc wizard blinks!
You block the orc's attack. The orc barely misses you.
You thump the orc!
You kill the orc!
The orc wizard points at you and mumbles some strange words.
You feel as though you will be slow longer.
The orc hits you with a flail of protection.
* * * LOW HITPOINT WARNING * * *
You sock the orc!
You kill the orc!
The orc wizard points at you and mumbles some strange words.
The magic dart hits you!
* * * LOW HITPOINT WARNING * * *
You block the orc wizard's attack.
You barely miss the orc wizard.
The orc wizard is lightly wounded.
The orc wizard casts a spell at you. The magic dart hits you!
You die...

.............# #.###
#...........# #.###
#...........# ##.#..
#...........# #.....
..#...........###..###
....................###
...#####..##.#####.....
. #####..##.# #.##.#
#.o@......# #.....
#.###........ ####.#
......)...+........ #+#
......#.###........
......#.. +....<...
..... ### #........
..... ......[.. ..##
...#### ..


You could see an orc wizard.

Vanquished Creatures
  An iguana (D:3)
  2 orc wizards (D:3)
  An adder (D:2)
  A gnoll (D:1)
  An ooze (D:2)
  A worm (D:2)
  2 dart slugs (D:1)
  A leopard gecko (D:3)
  3 orcs (D:3)
  2 ball pythons (D:2)
  3 giant cockroaches
  9 goblins
  9 hobgoblins
  5 kobolds
  A quokka (D:2)
  3 bats
  3 frilled lizards
  8 rats
56 creatures vanquished.

Notes
Turn   | Place    | Note
-------+----------+-------------------------------------------
     0 | D:1      | NoAnimeNoLife the Gargoyle Fighter began the quest for the Orb.
     0 | D:1      | Reached XP level 1. HP: 14/14 MP: 1/1
    77 | D:1      | Reached XP level 2. HP: 19/19 MP: 2/2
   197 | D:1      | Reached skill level 3 in Maces & Flails
   258 | D:1      | Reached XP level 3. HP: 12/23 MP: 3/3
   875 | D:2      | Reached skill level 4 in Maces & Flails
   997 | D:2      | Reached XP level 4. HP: 15/28 MP: 4/4
  1411 | D:3      | Reached skill level 5 in Maces & Flails
  1411 | D:3      | Reached XP level 5. HP: 12/32 MP: 5/5
  1429 | D:3      | Killed from afar by an orc wizard

Skill      XL: |  1  2  3  4 |
---------------+-------------+-----
Maces & Flails | 3 4 5 |  5.5
Fighting       | |  3.2
Armour         | |  3.2
Shields        | |  3.2

Action                   |  1- 3 |  4- 6 || total
-------------------------+-------+-------++-------
Melee: Flail             |   149 |    87 ||   236
  Eat: Chunk             |     1 |     1 ||     2
Armor: Scale mail        |   115 |    50 ||   165
Dodge: Dodged            |    61 |    22 ||    83
Block: Shield            |    85 |    33 ||   118
